 Dungeon Crawl Stone Soup version 0.25.0-26-g0c896c7088 (webtiles) character file.

Game seed: 914036552739906701

5624 Dirian the Cleaver (level 10, -2/86 HPs)
             Began as a Minotaur Fighter on July 2, 2020.
             Was a Believer of Makhleb.
             Slain by a killer bee (3 damage)
             ... on level 10 of the Dungeon.
             The game lasted 00:15:50 (9173 turns).

Dirian the Cleaver (Minotaur Fighter)               Turns: 9173, Time: 00:15:51

Health: -2/86      AC: 11    Str: 24    XL:     10   Next: 46%
Magic:  12/12      EV:  7    Int:  5    God:    Makhleb [**....]
Gold:   534        SH: 13    Dex: 16    Spells: 9/9 levels left

rFire    . . .     SeeInvis .   a - +1 war axe
rCold    . . .     Gourm    .   c - +1 kite shield
rNeg     . . .     Faith    .   y - +0 chain mail
rPois    .         Spirit   .   f - +0 hat
rElec    .         Reflect  .   (no cloak)
rCorr    +         Harm     .   (no gloves)
MR       .....                  (no boots)
Stlth    ..........             (no amulet)
HPRegen  0.24/turn              s - ring of resist corrosion
MPRegen  0.13/turn              p - +6 ring of dexterity

@: lethally poisoned (-2 -> -7), studying Maces & Flails
A: retaliatory headbutt, horns 2
a: Minor Destruction, Renounce Religion


You were on level 10 of the Dungeon.
You worshipped Makhleb.
Makhleb was pleased with you.
You were not hungry.

You visited 2 branches of the dungeon, and saw 11 of its levels.
You also visited: Sewer.

You collected 534 gold pieces.

Inventory:

Hand Weapons
 a - a +1 war axe (weapon)
Armour
 c - a +1 kite shield (worn)
 f - a +0 hat (worn)
 j - a +0 plate armour
 y - a +0 chain mail (worn)
 A - the cursed -7 buckler of the Sailor {Str+4 SInv}
   (You took it off a gnoll sergeant on level 6 of the Dungeon)

   It affects your strength (+4).
   It lets you see invisible.
   It has a curse placed upon it.
Jewellery
 l - an uncursed ring of flight
 n - the ring "Vuabuet" {rF+++ MR+ MP+9 Str-3 Int+4}
   (You acquired it on level 6 of the Dungeon)

   [ring of protection from magic]

   It affects your strength (-3).
   It affects your intelligence (+4).
   It renders you almost immune to fire.
   It affects your resistance to hostile enchantments.
   It affects your magic capacity (+9).
 p - a +6 ring of dexterity (right hand)
 s - a ring of resist corrosion (left hand)
Wands
 b - a wand of disintegration (6)
 m - a wand of paralysis (22)
Scrolls
 g - a scroll of enchant armour
 o - 2 scrolls of enchant weapon
 r - 9 scrolls of identify
 t - 5 scrolls of teleportation
 v - 3 scrolls of immolation
 x - a scroll of remove curse
 z - 3 scrolls of blinking
Potions
 d - 3 potions of might
 h - a potion of haste
 k - 2 potions of mutation
 u - a potion of ambrosia
 w - 3 potions of flight
Books
 i - a manual of Maces & Flails
Comestibles
 e - 16 rations


   Skills:
 + Level 7.3 Fighting
 + Level 12.7 Axes
 + Level 8.2 Armour
 + Level 8.3 Shields
 * Level 4.9 Invocations


You had 9 spell levels left.
You didn't know any spells.
Your spell library contained the following spells:

 Spells                   Type           Power        Failure   Level  Hunger
 Beastly Appendage        Tmut           #.....       100%        1    ##.....
 Sticks to Snakes         Tmut           #.......     100%        2    ###....
 Spider Form              Tmut/Pois      #.........   100%        3    ####...
 Ice Form                 Ice/Tmut       #.......     100%        4    #####..
 Blade Hands              Tmut           #.........   100%        5    ######.


Dungeon Overview and Level Annotations

Branches:
Dungeon (10/15)            Temple (1/1) D:6           Sewer (visited)
   Lair: D:8-11         Orc: D:9-12

Altars:
Ashenzari
Cheibriados
Dithmenos
Elyvilon
Fedhas
Gozag
Kikubaaqudgha
Makhleb
Nemelex Xobeh
Okawaru
Qazlal
Ru
Sif Muna
Trog
Uskayaw
Wu Jian
Xom
Yredelemnul
Zin

Shops:
D:7 *

Annotations:
D:5 2 transporters


Innate Abilities, Weirdness & Mutations

You reflexively headbutt those who attack you in melee.
You have a pair of horns on your head.


Message History

* * * LOW HITPOINT WARNING * * *
The killer bee stings you but does no damage. x2
You feel better. The killer bee stings you.
* * * LOW HITPOINT WARNING * * *
You are poisoned.
The killer bee poisons you! The killer bee barely misses you.
You block the killer bee's attack. The killer bee stings you.
* * * LOW HITPOINT WARNING * * *
You are more poisoned.
The killer bee poisons you!
You closely miss the killer bee. x2; You feel sick.
You block the killer bee's attack. The killer bee barely misses you.
The killer bee stings you.
* * * LOW HITPOINT WARNING * * *
The killer bee stings you but does no damage.
You closely miss the killer bee. You slash the killer bee!
* * * LOW HITPOINT WARNING * * *
You feel sick. You block the killer bee's attack. x2
The killer bee stings you.
You die...

###############
...............
......y@y......
..##....##.....
#....# ###
#....# #.....
#....# #....#
.....#


You could see 2 killer bees.

Vanquished Creatures
  A two-headed ogre (D:8)
  The ghost of sanka the Ducker, a novice HaIE (D:6)
  A manticore (D:8)
  2 centaur skeletons (D:7)
  A water moccasin (D:7)
  An orc warrior (D:8)
  A black bear (D:6)
  2 ice beasts (D:6)
  3 ogres
  3 phantoms
  4 centaurs
  A big kobold (Sewer)
  5 bullfrogs
  3 gnoll sergeants (D:6)
  2 scorpions
  3 wights (D:7)
  An electric eel (D:8)
  8 howler monkeys
  2 crimson imps
  2 bullfrog zombies
  2 bullfrog skeletons
  2 jellies
  A centaur zombie (D:7)
  A gnoll shaman (D:6)
  5 hounds
  3 orc priests
  5 orc wizards
  11 worker ants
  2 hound skeletons
  6 gnolls (D:6)
  13 adders
  2 river rats (D:6)
  3 shadow imps
  3 oozes
  2 adder skeletons
  3 worms
  3 dart slugs
  4 leopard geckos
  17 orcs
  7 bats
  7 giant cockroaches
  6 goblins
  7 hobgoblins
  6 jackals
  15 kobolds
  2 quokkas
  7 ball pythons
  9 frilled lizards
  A jackal skeleton (D:7)
  A leopard gecko skeleton (D:4)
  A quokka skeleton (D:6)
  16 rats
220 creatures vanquished.

Vanquished Creatures (others)
  An orc wizard (D:8)
  3 plants (D:6)
4 creatures vanquished.

Grand Total: 224 creatures vanquished

Notes
Turn   | Place    | Note
-------+----------+-------------------------------------------
     0 | D:1      | Dirian the Minotaur Fighter began the quest for the Orb.
     0 | D:1      | Reached XP level 1. HP: 19/19 MP: 0/0
   291 | D:1      | Reached XP level 2. HP: 22/27 MP: 1/1
   815 | D:2      | Reached skill level 3 in Axes
   816 | D:2      | Reached XP level 3. HP: 26/33 MP: 2/2
  1316 | D:2      | Noticed an ogre
  1323 | D:2      | Killed an ogre
  1323 | D:2      | Reached skill level 4 in Axes
  1323 | D:2      | Reached XP level 4. HP: 24/40 MP: 3/3
  1323 | D:2      | Reached XP level 5. HP: 27/46 MP: 4/4
  1469 | D:2      | Reached skill level 5 in Axes
  1914 | D:2      | Found a blossoming altar of Fedhas.
  1998 | D:2      | Found a bloodstained altar of Trog.
  2311 | D:3      | Found an ancient bone altar of Kikubaaqudgha.
  3082 | D:4      | Reached skill level 6 in Axes
  3082 | D:4      | Reached XP level 6. HP: 44/53 MP: 5/5
  3894 | D:5      | Entered Level 5 of the Dungeon
  3934 | D:5      | Reached skill level 7 in Axes
  3934 | D:5      | Reached skill level 5 in Shields
  3964 | D:5      | Reached skill level 5 in Armour
  3964 | D:5      | Reached XP level 7. HP: 34/60 MP: 6/6
  4208 | D:5      | Found a stormy altar of Qazlal.
  4322 | D:5      | Found a transporter.
  4348 | D:5      | Found a transporter.
  4781 | D:6      | Reached skill level 8 in Axes
  4784 | D:6      | Reached skill level 5 in Fighting
  4797 | D:6      | Found a glowing drain.
  4871 | Sewer    | Entered a sewer
  5079 | Sewer    | Reached XP level 8. HP: 68/68 MP: 7/7
  5192 | D:6      | Reached skill level 9 in Axes
  5338 | D:6      | Identified the +6 trident of Toucim {venom, rF+ Dex+4}
  5338 | D:6      | Identified the cursed -7 buckler of the Sailor {Str+4 SInv}
  5465 | D:6      | Found a staircase to the Ecumenical Temple.
  5479 | D:6      | Reached skill level 10 in Axes
  5485 | Temple   | Entered the Ecumenical Temple
  5646 | Temple   | Became a worshipper of Makhleb the Destroyer
  5851 | D:6      | Found a transporter.
  5852 | D:6      | Found a transporter.
  5853 | D:6      | Noticed sanka's ghost (novice HaIE)
  6052 | D:7      | Reached skill level 1 in Invocations
  6087 | D:7      | Reached skill level 11 in Axes
  6102 | D:7      | Reached XP level 9. HP: 66/75 MP: 9/9
  6158 | D:7      | Found Kuocs's General Store.
  6951 | D:8      | Reached * piety under Makhleb
  7792 | D:8      | Noticed a manticore
  7793 | D:8      | Reached skill level 12 in Axes
  7803 | D:8      | Killed a manticore
  7804 | D:8      | Reached XP level 10. HP: 63/84 MP: 11/11
  8064 | D:8      | Noticed a two-headed ogre
  8076 | D:8      | Killed a two-headed ogre
  8664 | D:6      | Identified a scroll of acquirement
  8665 | D:6      | Got the ring "Vuabuet" {rF+++ MR+ MP+9 Str-3 Int+4}
  8701 | D:6      | Killed sanka's ghost
  8727 | D:6      | Reached ** piety under Makhleb
  9127 | D:9      | Noticed a tengu warrior
  9127 | D:9      | Noticed a five-headed hydra
  9127 | D:9      | Noticed a two-headed ogre
  9129 | D:9      | Noticed a gargoyle
  9131 | D:9      | Noticed a purple ugly thing
  9134 | D:9      | Noticed a gargoyle
  9169 | D:10     | Entered Level 10 of the Dungeon
  9170 | D:10     | HP: 3/86 [killer bee (4)]
  9173 | D:10     | HP: 1/86 [poisoned by a killer bee]
  9173 | D:10     | Slain by a killer bee

Illustrated notes

Levels and vault maps discovered:
D:1:      dpeg_arrival_fog, layout_basic
D:2:      minmay_thinvault, layout_loops_cross, nicolae_overflow_hidden_temple,
          first_ration
D:3:      minmay_wonky_spiral, layout_basic, kiku_gazebo_pond_becter
D:4:      layout_loops_ring, corner_web_ring
D:5:      gammafunk_steamed_eel, layout_loops_ring, minmay_strange_pillars,
          kennysheep_cross_room, nicolae_qazlal_general_emergency
D:6:      layout_loops_ring, minmay_temple_entry_purple_smoke,
          gammafunk_ghost_gnarly_gnolls, portal_sewer_entry_c
D:7:      layout_loops_ring, serial_shops, shop
D:8:      layout_loops_ring, grunt_ogre_cave, kennysheep_big_empty_room
D:9:      layout_long_grid, minivault_28
D:10:     layout_gridville, minmay_orc_entry_temple_small,
          grunt_gozag_breadcrumbs
Temple:   nicolae_temple_elliptical

Skill      XL: |  1  2  3  4  5  6  7  8  9 10 |
---------------+-------------------------------+-----
Axes           | 3 4 6 7 8 11 12 | 12.7
Shields        | 4 5 6 7 8 |  8.3
Fighting       | 4 5 6 7 |  7.3
Armour         | 4 5 6 7 8 |  8.2
Invocations    | 1 3 4 |  4.9

Action                   |  1- 3 |  4- 6 |  7- 9 | 10-12 || total
-------------------------+-------+-------+-------+-------++-------
Melee: War axe           |    75 |   181 |   321 |    66 ||   643
       Headbutt          |    12 |    26 |    73 |    18 ||   129
  Use: Scroll            |       |    14 |     4 |     5 ||    23
       Potion            |       |       |     1 |     4 ||     5
  Eat: Chunk             |     1 |     9 |    13 |     2 ||    25
       Ration            |       |       |       |     1 ||     1
Armor: Scale mail        |    33 |    75 |       |       ||   108
       Chain mail        |       |    16 |    93 |    35 ||   144
Dodge: Dodged            |    24 |    47 |    50 |    22 ||   143
Block: Kite shield       |    47 |    86 |   164 |    65 ||   362
